[Event "Team 45 45 League T77"]
[Site "Internet Chess Club"]
[Date "2018.07.30"]
[Round "6"]
[White "upsan"]
[Black "primerpaso"]
[Result "0-1"]
[WhiteElo "1705"]
[BlackElo "1864"]
[Opening "Sicilian: Grand Prix attack, Schofman variation"]
[ECO "B23"]
[Time "21:03:29"]
[TimeControl "2700+45"]

1. e4 c5 2. Nc3 Nc6 3. f4 g6 4. Nf3 Bg7 5. Bc4 e6 6. f5 Nge7 7. fxe6 dxe6 8. O-O
O-O 9. a3 b6 10. d3 Bb7 11. Be3 Qd7 12. Qd2 Nd4 13. Rad1 Rac8 14. Bh6 Nec6 15.
Bxg7 Kxg7 16. Nxd4 Qxd4+ 17. Rf2 Ne5 18. Nb5 Qd7 19. Nxa7 Ra8 20. Nb5 Nxc4 21.
dxc4 Qxd2 22. Rfxd2 Bxe4 23. Kf2 Bc6 24. Rd6 Bxb5 25. cxb5 Rfb8 26. Rc6 Ra5 27.
c4 Ra4 28. Rc1 Rb7 29. Ke3 Kf6 30. Kd3 Ra8 31. Kc3 Ke7 32. Rd1 Rab8 33. Rdd6 h6
34. b4 cxb4+ 35. Kxb4 h5 36. h4 Kf6 37. c5 bxc5+ 38. Rxc5 Ra8 39. a4 Rba7 40.
Ra6 Rxa6 41. bxa6 Rxa6 42. a5 Ra8 43. Kb5 e5 44. a6 e4 45. Rc2 Ke5 46. Ra2 e3
47. Kc4 Ke4 48. a7 f5 49. Kb3 Kd3 {White resigns} 0-1

[Event "Team 45 45 League T77"]
[Site "Internet Chess Club"]
[Date "2018.07.25"]
[Round "6"]
[White "VictorRed"]
[Black "cityprosecutor"]
[Result "1/2-1/2"]
[WhiteElo "1741"]
[BlackElo "1680"]
[Opening "Pirc: Holmov system"]
[ECO "B07"]
[Time "22:04:46"]
[TimeControl "2700+45"]

1. d4 d6 2. e4 Nf6 3. Nc3 g6 4. Bc4 c6 5. Nf3 b5 6. Bd3 Bg7 7. Bg5 b4 8. Ne2 Bg4
9. Qd2 a5 10. Bh6 O-O 11. Bxg7 Kxg7 12. Qf4 Qc8 13. O-O c5 14. b3 Nc6 15. d5
Bxf3 16. Qxf3 Ne5 17. Qe3 Nfg4 18. Qd2 Nxd3 19. cxd3 Nf6 20. h3 Ra7 21. Rfc1 Rc7
22. Rc4 Qd7 23. Rac1 Rfc8 24. f3 e5 25. f4 Ne8 26. Rf1 Ra7 27. Qb2 f6 28. f5 Nc7
29. fxg6 hxg6 30. Qc1 Rh8 31. Qe3 Nb5 32. Qf3 Qe7 33. Qg4 Qd7 34. Qf3 Qe7 35.
Qg4 Qd7 36. Qf3 {Game drawn by repetition} 1/2-1/2

[Event "Team 45 45 League T77"]
[Site "Internet Chess Club"]
[Date "2018.07.28"]
[Round "6"]
[White "Constrictor"]
[Black "Hectormercado"]
[Result "1/2-1/2"]
[WhiteElo "1561"]
[BlackElo "1487"]
[Opening "Nimzovich-Larsen attack: modern variation"]
[ECO "A01"]
[Time "11:06:54"]
[TimeControl "2700+45"]

1. b3 e5 2. Bb2 Nc6 3. e3 d5 4. Bb5 Ne7 5. Bxe5 Bd7 6. Bb2 a6 7. Be2 Ng6 8. Nf3
f6 9. c4 Bf5 10. cxd5 Qxd5 11. Bc4 Qd7 12. Nc3 O-O-O 13. O-O Bg4 14. d4 Nh4 15.
Be2 Ng6 16. Rc1 h5 17. Qc2 Nge7 18. Nh4 g5 19. Ng6 Nxg6 20. Qxg6 Bxe2 21. Nxe2
Be7 22. Qc2 h4 23. Nc3 g4 24. Ne4 f5 25. Nc5 Bxc5 26. Qxc5 Qe6 27. Qc2 Rhg8 28.
Qc4 Qe4 29. Qc2 Qe6 30. Qc4 Qe4 31. Qc2 Qe6 32. Qc4 Qe4 {Game drawn by
repetition} 1/2-1/2

[Event "Team 45 45 League T77"]
[Site "Internet Chess Club"]
[Date "2018.07.30"]
[Round "6"]
[White "Andressa"]
[Black "Hal2001"]
[Result "0-1"]
[WhiteElo "1376"]
[BlackElo "1553"]
[Opening "Robatsch (modern) defense"]
[ECO "B06"]
[Time "21:04:08"]
[TimeControl "2700+45"]

1. e4 g6 2. Nc3 Bg7 3. Nf3 c5 4. Bc4 Nc6 5. O-O Nf6 6. a3 O-O 7. Re1 d6 8. d3
Bg4 9. h3 Bxf3 10. Qxf3 Ne5 11. Qd1 Nxc4 12. dxc4 Nd7 13. Qd5 Nb6 14. Qxb7 Nxc4
15. Qd5 Nb6 16. Qd1 Nd7 17. Bf4 Ne5 18. Rb1 Rb8 19. Na2 Nc4 20. b4 Nxa3 21. bxc5
Rxb1 22. Qe2 Rxe1+ 23. Qxe1 dxc5 24. Be3 Nxc2 {White resigns} 0-1

[Event "Team 45 45 League T77"]
[Site "Internet Chess Club"]
[Date "2018.07.28"]
[Round "6"]
[White "justice02"]
[Black "RD1974"]
[Result "1-0"]
[WhiteElo "1633"]
[BlackElo "1585"]
[Opening "French: advance, Milner-Barry gambit"]
[ECO "C02"]
[Time "18:00:48"]
[TimeControl "2700+45"]

1. e4 e6 2. d4 d5 3. e5 c5 4. c3 Nc6 5. Nf3 Qb6 6. Bd3 Nh6 7. a3 c4 8. Bc2 Bd7
9. Ng5 O-O-O 10. Qf3 Be8 11. Nxh7 Be7 12. h4 Nxd4 13. cxd4 Qxd4 14. Qe3 Qg4 15.
g3 b6 16. Ng5 Nf5 17. Qd2 Bxg5 18. Qxg5 Qf3 19. O-O d4 20. Nd2 Qd5 21. Bxf5 exf5
22. Qxf5+ Kc7 23. Nf3 Bc6 24. Kg2 f6 25. Bd2 g6 26. Qf4 Rh5 27. exf6+ Kb7 28. g4
Rxh4 29. Kg3 g5 30. Nxg5 Qg2+ 31. Kxh4 Rh8+ 32. Nh7 Rxh7+ 33. Kg5 Qd5+ 34. Qf5
Qg8+ 35. Qg6 Qd5+ 36. Qf5 Qg8+ 37. Kf4 Rh3 38. f3 Qb8+ 39. Qe5 Qf8 40. Qe7+ Qxe7
41. fxe7 Rh8 42. Rae1 Re8 43. Kf5 a6 44. Kf6 b5 45. Kf7 Kb6 46. Re6 {Black
resigns} 1-0

[Event "Team 45 45 League T77"]
[Site "Internet Chess Club"]
[Date "2018.07.29"]
[Round "6"]
[White "fao9944"]
[Black "zepled37"]
[Result "1-0"]
[WhiteElo "1737"]
[BlackElo "1674"]
[Opening "Queen's pawn game"]
[ECO "A46"]
[Time "07:23:35"]
[TimeControl "2700+45"]

1. d4 Nf6 2. Nf3 e6 3. Bf4 d5 4. e3 Bd6 5. Bg3 b6 6. Bd3 Bb7 7. Qe2 O-O 8. Nbd2
Nbd7 9. Bxd6 cxd6 10. O-O Ne4 11. c3 Ndf6 12. h3 Qe7 13. Rfd1 Kh8 14. Nf1 Rg8
15. N3h2 h6 16. f3 Ng5 17. Ng3 Rae8 18. a4 e5 19. a5 e4 20. fxe4 Ngxe4 21. Nf5
Qc7 22. axb6 axb6 23. Bb5 Bc6 24. Bxc6 Qxc6 25. Ra7 Nd7 26. Qh5 Ng5 27. Ng4 Re6
28. h4 g6 29. Qxh6+ Nh7 30. Ne7 Rxe7 31. Rxd7 Rxd7 32. Nf6 Rg7 33. Nxh7 Kg8 34.
Nf6+ Kf8 35. Qh8+ Rg8 36. Qxg8+ Ke7 {Black resigns} 1-0

[Event "Team 45 45 League T77"]
[Site "Internet Chess Club"]
[Date "2018.07.28"]
[Round "6"]
[White "GoIrish"]
[Black "Gojira"]
[Result "0-1"]
[WhiteElo "1495"]
[BlackElo "1628"]
[Opening "Réti: King's Indian attack (Barcza system)"]
[ECO "A07"]
[Time "10:35:14"]
[TimeControl "2700+45"]

1. Nf3 d5 2. g3 Nf6 3. Bg2 Bf5 4. O-O h6 5. d3 e6 6. Nbd2 Be7 7. b3 Nbd7 8. Bb2
O-O 9. c4 c6 10. Rc1 Re8 11. Nd4 Bh7 12. cxd5 exd5 13. N4f3 Bf8 14. a3 a5 15. b4
axb4 16. axb4 Bxb4 17. Qb3 Bxd2 18. Nxd2 Rxe2 19. Bc3 Nc5 20. Qb4 Nxd3 21. Qxb7
Nxc1 22. Bxf6 gxf6 23. Qxc6 Rc8 {White resigns} 0-1

[Event "Team 45 45 League T77"]
[Site "Internet Chess Club"]
[Date "2018.07.27"]
[Round "6"]
[White "chesskix"]
[Black "bmw2002"]
[Result "1/2-1/2"]
[WhiteElo "1364"]
[BlackElo "1426"]
[Opening "King's Indian, 3.Nf3"]
[ECO "E90"]
[Time "20:02:27"]
[TimeControl "2700+45"]

1. Nf3 Nf6 2. d4 g6 3. c4 Bg7 4. Nc3 O-O 5. e4 d6 6. Bd3 a5 7. O-O Na6 8. a3 c5
9. d5 Nc7 10. Rb1 Na6 11. Bg5 h6 12. Bh4 Nh5 13. Bg3 f5 14. exf5 Nxg3 15. hxg3
gxf5 16. Nh4 e5 17. dxe6 Bxe6 18. Nd5 Nc7 19. Re1 Bxd5 20. cxd5 f4 21. Ng6 fxg3
22. Nxf8 gxf2+ 23. Kxf2 Qh4+ 24. Ke2 Qg4+ 25. Kd2 Qxg2+ 26. Re2 Qg5+ 27. Kc2
Rxf8 28. a4 Nxd5 29. Bc4 Qf5+ 30. Qd3 Qxd3+ 31. Kxd3 Rf3+ 32. Kd2 Rf5 33. Kd3
Kf8 34. Bxd5 Rxd5+ 35. Kc4 Rd4+ 36. Kb3 d5 37. Rf1+ Kg8 38. Re8+ Kh7 39. Re2 c4+
40. Kc2 Rg4 41. Rf7 d4 42. Ref2 d3+ 43. Kd2 Kg6 44. Rxb7 Bd4 45. Rh2 h5 46. Rb5
Rg5 47. Rb8 Kg7 48. Rb7+ Kg6 49. Rb8 Rf5 50. Rg2+ Kf7 51. Rb7+ Ke6 52. Rg6+ Kd5
53. Rb5+ Ke4 54. Re6+ Re5 55. Rexe5+ Bxe5 56. Rb7 h4 57. Rh7 Bd4 58. Rxh4+ Ke5
59. Rh5+ Kf4 60. Rb5 Kf3 61. Rb7 Be3+ 62. Kd1 {Game drawn by mutual agreement}
1/2-1/2

[Event "Team 45 45 League T77"]
[Site "Internet Chess Club"]
[Date "2018.07.28"]
[Round "6"]
[White "fledermaus"]
[Black "Terte"]
[Result "1/2-1/2"]
[WhiteElo "1862"]
[BlackElo "1802"]
[Opening "QGD: Orthodox defense, Bd3 line, fianchetto variation"]
[ECO "D66"]
[Time "09:02:21"]
[TimeControl "2700+45"]

1. Nf3 d5 2. d4 Nf6 3. c4 e6 4. Nc3 Nbd7 5. Bg5 Be7 6. e3 O-O 7. Rc1 c6 8. Bd3
dxc4 9. Bxc4 b5 10. Bd3 Bb7 11. O-O b4 12. Bxf6 gxf6 13. Na4 Qa5 14. Qc2 Qh5 15.
Nc5 Nxc5 16. dxc5 Rfd8 17. Nd4 Rd5 18. Nb3 Qh6 19. Be2 Bd8 20. f4 Bc7 21. Bf3 e5
22. Bxd5 cxd5 23. Rf3 Bc8 24. f5 e4 25. Rh3 Qg5 26. Nd4 Bxf5 27. Nxf5 Qxf5 28.
Qf2 Qxf2+ 29. Kxf2 Be5 30. b3 Rc8 31. Rh5 Rc6 32. h3 Kg7 33. Ke2 Kg6 34. g4 h6
35. Rf5 Kg7 36. Kd1 Kf8 37. Rc2 a6 38. h4 Kg7 39. Rff2 d4 40. exd4 Bxd4 41. Rf4
Bc3 42. Rxe4 Rxc5 43. Ke2 f5 44. gxf5 Rxf5 45. a3 a5 46. axb4 axb4 47. Ke3 Ra5
48. Rg2+ Kf8 49. Kd3 Ra8 50. Reg4 Rd8+ 51. Kc2 Rd5 52. Rg8+ Ke7 53. Re2+ Kf6 54.
Rf2+ Rf5 55. Rxf5+ Kxf5 56. h5 Kf4 57. Kd3 Kf3 58. Kc4 f5 59. Kd5 f4 60. Rg6 Ke2
61. Re6+ Kd3 62. Rxh6 f3 63. Rh7 f2 64. Rf7 Ke2 65. Kc4 f1=Q 66. Rxf1 Kxf1 67.
h6 {Game drawn by mutual agreement} 1/2-1/2

[Event "Team 45 45 League T77"]
[Site "Internet Chess Club"]
[Date "2018.07.30"]
[Round "6"]
[White "leandromorg"]
[Black "jonesey"]
[Result "1/2-1/2"]
[WhiteElo "1768"]
[BlackElo "1826"]
[Opening "English: symmetrical, Benoni formation"]
[ECO "A31"]
[Time "18:04:10"]
[TimeControl "2700+45"]

1. d4 Nf6 2. c4 c5 3. Nf3 cxd4 4. Nxd4 e5 5. Nf3 Nc6 6. Nc3 Bb4 7. Bd2 d5 8.
cxd5 Nxd5 9. Nxd5 Qxd5 10. Bxb4 Qxd1+ 11. Kxd1 Nxb4 12. Nxe5 Bf5 13. Nd3 O-O-O
14. Kd2 Rd6 15. a3 Nxd3 16. exd3 Rhd8 17. Rc1+ Kd7 18. Be2 Ke6 19. Rc3 Rb6 20.
b4 a5 21. bxa5 Rb2+ 22. Ke3 Rd5 23. d4 Rxa5 24. Rhc1 Kf6 25. Bc4 Be6 26. Bxe6
Kxe6 27. Rd3 Ra2 28. Rcc3 Rf5 29. f3 Rxg2 30. Rb3 b5 31. d5+ Rxd5 32. Rxd5 Kxd5
33. Rxb5+ Ke6 34. h4 Ra2 35. Ra5 Rh2 36. Ra4 Ke5 37. Ra5+ Ke6 38. h5 f5 39. Kf4
Rxh5 40. Ra6+ Kd5 41. Ra5+ Kc4 42. Rxf5 Rxf5+ 43. Kxf5 Kb3 44. f4 Kxa3 45. Ke6
h5 46. Kf5 Kb4 47. Kg5 g6 48. Kxg6 h4 49. f5 h3 50. f6 h2 51. f7 h1=Q 52. f8=Q+
Kc4 53. Qc8+ Kd4 {Game drawn by mutual agreement} 1/2-1/2

[Event "Team 45 45 League T77"]
[Site "Internet Chess Club"]
[Date "2018.07.29"]
[Round "6"]
[White "LookImYourVader"]
[Black "MarcB"]
[Result "1-0"]
[WhiteElo "1826"]
[BlackElo "1635"]
[Opening "Scandinavian (center counter) defense"]
[ECO "B01"]
[Time "15:30:33"]
[TimeControl "2700+45"]

1. e4 d5 2. exd5 Qxd5 3. Nc3 Qd8 4. Bc4 e6 5. d4 a6 6. Be3 b5 7. Qf3 c6 8. Bd3
Nf6 9. Nge2 Bb7 10. Ne4 Nbd7 11. Bf4 Nxe4 12. Bxe4 Rc8 13. Qg3 Nf6 14. Bf3 Nd5
15. c3 Nxf4 16. Nxf4 g6 17. O-O Bg7 18. Nd3 O-O 19. a4 Qc7 20. axb5 cxb5 21.
Qxc7 Rxc7 22. Bxb7 Rxb7 23. Rxa6 Re8 24. Rfa1 Reb8 25. Nc5 Rc7 26. Ra8 Rcc8 27.
Rxb8 Rxb8 28. Ra7 h5 29. Nd7 Rc8 30. Rb7 Bxd4 31. Rb8 Rxb8 32. Nxb8 Bb6 33. Nc6
Kg7 34. Kf1 Kf6 35. Ke2 e5 36. f3 Ke6 37. Kd3 f6 38. c4 Kd6 39. cxb5 Kc5 40. Ne7
g5 41. Ke4 Kxb5 42. Kf5 Bg1 43. Kxf6 Bxh2 44. Kxg5 Kb4 45. Kxh5 Kb3 46. g4 Bf4
47. Nd5 {Black resigns} 1-0

[Event "Team 45 45 League T77"]
[Site "Internet Chess Club"]
[Date "2018.07.28"]
[Round "6"]
[White "nealbruce"]
[Black "elmaestro"]
[Result "1-0"]
[WhiteElo "1670"]
[BlackElo "1661"]
[Opening "Sicilian: Alapin's variation (2.c3)"]
[ECO "B22"]
[Time "23:00:36"]
[TimeControl "2700+45"]

1. e4 c5 2. c3 g6 3. Nf3 Bg7 4. d4 cxd4 5. cxd4 d6 6. Nc3 Nd7 7. Be2 Ngf6 8. O-O
O-O 9. Bf4 a6 10. Rc1 b5 11. Qb3 Bb7 12. Bd3 Nh5 13. Bd2 e6 14. a4 bxa4 15. Qxb7
Qb6 16. Qxd7 {Black resigns} 1-0

[Event "Team 45 45 League T77"]
[Site "Internet Chess Club"]
[Date "2018.07.29"]
[Round "6"]
[White "primerpaso"]
[Black "PolishRyszard"]
[Result "1-0"]
[WhiteElo "1854"]
[BlackElo "1823"]
[Opening "English: Sicilian reversed"]
[ECO "A25"]
[Time "16:01:23"]
[TimeControl "2700+45"]

1. c4 e5 2. Nc3 Nc6 3. g3 f5 4. Bg2 Nf6 5. e3 d5 6. cxd5 Nb4 7. d3 Nbxd5 8. Nxd5
Nxd5 9. Nf3 Bd6 10. O-O c6 11. a3 O-O 12. Qc2 Qe7 13. Bd2 Kh8 14. Rfe1 Bd7 15.
b4 a6 16. e4 fxe4 17. dxe4 Nf6 18. Bc3 Rad8 19. Qb2 Rde8 20. Rad1 Bg4 21. Rd3
Bb8 22. h3 Bxf3 23. Bxf3 Qe6 24. Kg2 Rd8 25. Red1 Rxd3 26. Rxd3 Qc4 27. Qe2 Kg8
28. g4 h6 29. h4 Qe6 30. g5 hxg5 31. hxg5 Nh7 32. Bd2 Ba7 33. Bg4 Qc4 34. Be3
Bxe3 35. Qxe3 Rf4 36. Rd8+ Nf8 37. f3 Kf7 38. Rb8 Kg6 39. Rxb7 Kxg5 40. Rxg7+
Kf6 41. Rc7 Ng6 42. Qd2 Rxg4+ 43. fxg4 Qxe4+ 44. Kg3 Nf4 45. Qd8+ Kg6 46. Qe8+
Kg5 47. Rg7+ Ng6 48. Qe7+ Kh6 49. Rh7# {Black checkmated} 1-0

[Event "Team 45 45 League T77"]
[Site "Internet Chess Club"]
[Date "2018.07.27"]
[Round "6"]
[White "disinformator"]
[Black "Portola"]
[Result "1-0"]
[WhiteElo "1806"]
[BlackElo "1781"]
[Opening "English opening"]
[ECO "A13"]
[Time "09:01:27"]
[TimeControl "2700+45"]

1. c4 e6 2. Nc3 d5 3. e3 Nf6 4. Nf3 Be7 5. b3 O-O 6. Bb2 Nbd7 7. d4 c5 8. Bd3 b6
9. O-O Bb7 10. Ne5 a6 11. f4 Qc7 12. Qe2 dxc4 13. bxc4 cxd4 14. exd4 Nb8 15.
Rac1 Qd8 16. Ne4 Nbd7 17. Ng5 Qe8 18. Rc3 Bd6 19. Nxh7 Nxh7 20. Bxh7+ Kh8 21.
Rh3 Nf6 22. Be4+ Kg8 23. Bxb7 Ra7 24. Be4 Rc7 25. Ng4 Nxe4 26. Nh6+ gxh6 27. Qh5
f6 28. Qxh6 Rg7 29. f5 Ng5 30. Qh8+ Kf7 31. fxe6+ Qxe6 32. Qh5+ Ke7 33. Rb3 Rh7
34. Qd1 Bxh2+ 35. Kf2 Ne4+ 36. Kf3 Qf5+ 37. Ke3 Qg5+ 38. Kxe4 Qxg2+ 39. Qf3 Rh4+
40. Kd5 Qg8+ 41. Kc6 Qe6+ 42. Kb7 Qc8+ 43. Kxb6 Bc7+ 44. Kc5 Bd6+ 45. Kb6 Bc7+
46. Kc5 Rh5+ 47. Kb4 a5+ 48. Ka4 Qd7+ 49. Rb5 Rxb5 50. cxb5 Qd6 51. Ba3 {Black
resigns} 1-0

[Event "Team 45 45 League T77"]
[Site "Internet Chess Club"]
[Date "2018.07.25"]
[Round "6"]
[White "ascoli"]
[Black "QuieroAprender"]
[Result "0-1"]
[WhiteElo "1761"]
[BlackElo "1619"]
[Opening "Ruy Lopez: ...b5 & ...d6"]
[ECO "C78"]
[Time "13:30:53"]
[TimeControl "2700+45"]

1. e4 e5 2. Nf3 Nc6 3. Bb5 a6 4. Ba4 Nf6 5. O-O b5 6. Bb3 d6 7. Re1 h6 8. c3 Na5
9. Bc2 c5 10. d4 cxd4 11. cxd4 Nc6 12. d5 Ne7 13. h3 Ng6 14. Be3 Be7 15. a4 Bd7
16. Nbd2 O-O 17. Nf1 bxa4 18. Ng3 Qb8 19. Bc1 Rc8 20. Bxa4 Qb4 21. Bxd7 Nxd7 22.
Qa4 Qxa4 23. Rxa4 Nc5 24. Ra3 Rcb8 25. Nf5 Rb4 26. Nd2 Kf8 27. g3 Rab8 28. b3 f6
29. Nc4 Rxb3 30. Rxb3 Rxb3 31. Ncxd6 a5 32. Nc4 a4 33. Ba3 Nd3 34. Bxe7+ Nxe7
35. Ra1 Nxf5 36. exf5 Nc5 37. Kf1 Ke7 38. Ke2 Ne4 39. Ke1 Rb4 40. Ne3 Nd6 41. g4
Nc4 42. Nxc4 Rxc4 43. Kd2 Kd6 44. Kd3 Kxd5 45. f3 Rf4 46. Kc3 Rxf3+ 47. Kb4 a3
48. Kb5 Rxh3 49. Rd1+ Ke4 {White resigns} 0-1

[Event "Team 45 45 League T77"]
[Site "Internet Chess Club"]
[Date "2018.07.28"]
[Round "6"]
[White "Gojira"]
[Black "fireball"]
[Result "0-1"]
[WhiteElo "1617"]
[BlackElo "1624"]
[Opening "Queen's pawn, Mason variation"]
[ECO "D00"]
[Time "08:01:03"]
[TimeControl "2700+45"]
1. d4 {0:45:45} d5 {0:45:45} 2. Bf4 {0:46:26} Nf6 {0:46:24} 3. e3 {0:46:52}
Bf5 {0:46:33} 4. Nf3 {0:45:09} e6 {0:47:07} 5. c3 {0:43:59} c5 {0:47:39} 6.
Qb3 {0:43:23} Qb6 {0:46:03} 7. Qxb6 {0:36:59} axb6 {0:46:20} 8. Bb5+
{0:37:20} Nc6 {0:46:56} 9. O-O {0:36:16} Nd7 {0:46:16} 10. Ne5 {0:32:13}
Ndxe5 {0:46:29} 11. Bxe5 {0:32:37} f6 {0:47:06} 12. Bc7 {0:32:55} Kd7
{0:42:50} 13. Bxb6 {0:30:27} c4 {0:43:29} 14. Nd2 {0:29:53} Bd6 {0:43:25}
15. f3 {0:26:35} Ke7 {0:35:16} 16. e4 {0:23:04} Bg6 {0:35:29} 17. b3
{0:23:18} Bf4 {0:30:38} 18. Rfd1 {0:19:45} Bxd2 {0:30:44} 19. Rxd2 {0:18:52}
cxb3 {0:30:36} 20. exd5 {0:18:16} exd5 {0:15:00} 21. Re1+ {0:17:49} Kf7
{0:13:42} 22. axb3 {0:17:08} Na7 {0:12:52} 23. Bxa7 {0:13:22} Rxa7 {0:13:20}
24. Rde2 {0:13:35} Rc8 {0:11:44} 25. Be8+ {0:09:01} Kf8 {0:11:43} 26. Bxg6
{0:09:39} hxg6 {0:12:28} 27. Re7 {0:10:19} g5 {0:11:19} 28. R1e3 {0:10:24}
Rxc3 {0:07:26} 29. Rxb7 {0:08:10} Rc1+ {0:07:25} {White resigns} 0-1

[Event "Team 45 45 League T77"]
[Site "Internet Chess Club"]
[Date "2018.07.27"]
[Round "6"]
[White "Toalla"]
[Black "rhayder"]
[Result "1-0"]
[WhiteElo "1245"]
[BlackElo "1157"]
[Opening "Ruy Lopez: exchange variation, 5.O-O"]
[ECO "C68"]
[Time "14:05:48"]
[TimeControl "2700+45"]

1. e4 e5 2. Nf3 Nc6 3. Bb5 a6 4. Bxc6 dxc6 5. O-O Bg4 6. h3 Bxf3 7. Qxf3 Nf6 8.
d3 Bd6 9. Bg5 Qe7 10. Nd2 O-O-O 11. Nc4 h6 12. Bh4 g5 13. Bg3 h5 14. Qf5+ Nd7
15. Bxe5 f6 16. Nxd6+ cxd6 17. Bh2 Kb8 18. d4 Qh7 19. Bxd6+ Ka8 20. Qxh7 Rxh7
21. c4 Nb6 22. c5 Nc4 23. e5 fxe5 24. dxe5 Re8 25. Rfe1 Nxb2 26. e6 Nd3 27. Re3
Nf4 28. Bxf4 gxf4 29. Re4 Rh6 30. e7 Rf6 31. Rd1 Ka7 32. Rd8 {Black resigns} 1-0

[Event "Team 45 45 League T77"]
[Site "Internet Chess Club"]
[Date "2018.07.28"]
[Round "6"]
[White "rubo"]
[Black "Electryon"]
[Result "1-0"]
[WhiteElo "1622"]
[BlackElo "1485"]
[Opening "Queen's pawn, Mason variation"]
[ECO "D00"]
[Time "22:16:00"]
[TimeControl "2700+45"]

1. d4 d5 2. Bf4 Nf6 3. e3 c5 4. c3 Nc6 5. Nd2 cxd4 6. exd4 Bg4 7. Qb3 Qd7 8. h3
Bh5 9. Ngf3 Bxf3 10. Nxf3 a6 11. Bd3 e6 12. Ne5 Qc8 13. Bh2 Be7 14. Qc2 O-O 15.
Ng4 h6 16. Be5 Nxe5 17. dxe5 Nd7 18. Qe2 b5 19. a3 Nc5 20. Bc2 Qb7 21. O-O a5
22. Qe3 b4 23. axb4 axb4 24. Nxh6+ Kh8 25. Ng4 bxc3 26. bxc3 Rxa1 27. Rxa1 Qb2
28. Rc1 Ra8 29. Nf6 Ra3 30. Rb1 Ra1 31. Rxa1 Qxa1+ 32. Kh2 Qa5 33. Qg5 Bxf6 34.
exf6 gxf6 35. Qh6+ Kg8 36. Bh7+ Kh8 37. Bg6+ Kg8 38. Qh7+ {Black resigns} 1-0

[Event "Team 45 45 League T77"]
[Site "Internet Chess Club"]
[Date "2018.07.26"]
[Round "6"]
[White "kutch"]
[Black "nosir"]
[Result "0-1"]
[WhiteElo "1517"]
[BlackElo "1410"]
[Opening "Modern defense: Averbakh system"]
[ECO "A40"]
[Time "20:13:13"]
[TimeControl "2700+45"]

1. d4 g6 2. c4 Bg7 3. Nc3 d6 4. e4 e5 5. Nf3 Bg4 6. Be3 Ne7 7. d5 f5 8. h3 Bxf3
9. Qxf3 Nd7 10. b4 O-O 11. h4 h5 12. Bg5 f4 13. Be2 Nf6 14. c5 a6 15. a4 dxc5
16. bxc5 Qc8 17. Bc4 Kh7 18. Rc1 Qd7 19. Rb1 Rab8 20. Bb3 Ng4 21. a5 Bf6 22. Ba4
Qd8 23. O-O Ng8 24. Rfd1 Bxg5 25. hxg5 Qxg5 26. d6 cxd6 27. cxd6 Qd8 28. d7 Qxa5
29. Rd5 Qd8 30. Rbd1 b5 31. Bb3 N8f6 32. Rd6 Rb7 33. Nd5 Rxd7 34. Rxd7+ Nxd7 35.
Nb6 Qxb6 36. Rxd7+ Kh6 37. Qe2 Rd8 38. Re7 Qc5 39. Re6 Qc1+ 40. Qf1 Qc3 41. Bd5
Qa3 42. Qc1 Qxc1# {White checkmated} 0-1

[Event "Team 45 45 League T77"]
[Site "Internet Chess Club"]
[Date "2018.07.28"]
[Round "6"]
[White "g8wrb"]
[Black "sdcohle"]
[Result "1-0"]
[WhiteElo "1335"]
[BlackElo "1376"]
[Opening "French: Rubinstein variation"]
[ECO "C03"]
[Time "12:31:20"]
[TimeControl "2700+45"]

1. e4 e6 2. d4 d5 3. Nd2 dxe4 4. Nxe4 Nd7 5. Bd3 Ngf6 6. c3 Be7 7. Nf3 O-O 8.
O-O b6 9. Re1 Bb7 10. Bf4 c5 11. Qb3 cxd4 12. cxd4 Rc8 13. Rac1 Nxe4 14. Bxe4
Bxe4 15. Rxe4 Rxc1+ 16. Bxc1 Nf6 17. Re1 Nd5 18. Bd2 Qc7 19. Rc1 Qb7 20. Rc4 Rc8
21. Qc2 Rxc4 22. Qxc4 Qc7 23. b3 Bd6 24. g3 h6 25. Ne1 Qb7 26. f4 b5 27. Qc2 Qc7
28. Kf2 b4 29. Qc4 a5 30. Nd3 Nc3 31. Bxc3 Qxc4 32. bxc4 bxc3 33. c5 Bc7 34. a4
Kf8 35. Ke2 Ke7 36. Kd1 Kf6 37. Kc2 Kf5 38. h3 g5 39. Kxc3 gxf4 40. gxf4 Bxf4
41. Nxf4 Kxf4 42. c6 f5 43. c7 Ke4 44. c8=Q f4 45. Qxe6+ Kf3 46. Qxh6 Kg3 47.
Kd3 f3 48. Ke3 f2 49. Qf4+ Kxh3 50. Qxf2 Kg4 51. d5 Kh3 52. Qf8 Kg2 53. d6 Kh3
54. d7 Kg4 55. d8=Q Kg3 56. Qg5+ Kh3 57. Qfh6# {Black checkmated} 1-0

[Event "Team 45 45 League T77"]
[Site "Internet Chess Club"]
[Date "2018.07.27"]
[Round "6"]
[White "Aquaman"]
[Black "smsxman"]
[Result "1-0"]
[WhiteElo "1232"]
[BlackElo "1292"]
[Opening "Réti: King's Indian attack (Barcza system)"]
[ECO "A07"]
[Time "20:01:20"]
[TimeControl "2700+45"]

1. Nf3 d5 2. g3 e6 3. Bg2 Nf6 4. O-O Be7 5. d3 a6 6. Nbd2 Nc6 7. Re1 O-O 8. e4
dxe4 9. dxe4 b6 10. e5 Ne8 11. Qe2 Bb7 12. c3 Rb8 13. Nf1 Na5 14. Bf4 Bxf3 15.
Bxf3 Nb7 16. Rad1 Qc8 17. Qxa6 Nc5 18. Qe2 Qa6 19. a3 Qxe2 20. Bxe2 h6 21. b4
Nb7 22. Bf3 g5 23. Bc1 Ng7 24. g4 Nd8 25. Rd7 Re8 26. Rxc7 f6 27. exf6 Bxf6 28.
Bb2 Be5 29. Rxe5 Nf7 30. Re1 {Black resigns} 1-0

[Event "Team 45 45 League T77"]
[Site "Internet Chess Club"]
[Date "2018.07.27"]
[Round "6"]
[White "fao9944"]
[Black "MathBandit"]
[Result "1-0"]
[WhiteElo "1723"]
[BlackElo "1507"]
[Opening "Queen's bishop game"]
[ECO "D02"]
[Time "09:01:28"]
[TimeControl "2700+45"]

1. d4 d5 2. Nf3 Nf6 3. Bf4 c5 4. e3 Nc6 5. Nbd2 Qb6 6. dxc5 Qxc5 7. a3 Bg4 8.
Nb3 Qb6 9. Be2 e6 10. h3 Bh5 11. O-O Be7 12. Rc1 O-O 13. c4 dxc4 14. Rxc4 Rfd8
15. Nfd2 Bxe2 16. Qxe2 Rxd2 17. Nxd2 Qxb2 18. Rb1 Qa2 19. Rxb7 Na5 20. Rxe7 Nxc4
21. Qxc4 Qxd2 22. Rxa7 Qd8 23. Rxa8 Qxa8 24. Qb4 Nd7 25. Qb5 Qa7 26. a4 h6 27.
a5 f6 28. e4 g5 29. Be3 Qa8 30. Qxd7 Qxe4 31. a6 Qb1+ 32. Kh2 Qb8+ 33. g3 h5 34.
a7 Qa8 35. Qxe6+ Kg7 36. Bd4 h4 37. Qxf6+ Kh7 38. Qg7# {Black checkmated} 1-0

[Event "Team 45 45 League T77"]
[Site "Internet Chess Club"]
[Date "2018.07.28"]
[Round "6"]
[White "Chess4Him"]
[Black "noblitz-oblige"]
[Result "1-0"]
[WhiteElo "1533"]
[BlackElo "1526"]
[Opening "Queen's pawn: London system"]
[ECO "A45"]
[Time "21:32:38"]
[TimeControl "2700+45"]

1. d4 Nf6 2. Bf4 e6 3. e3 Nc6 4. c3 Ne7 5. h3 Ng6 6. Bh2 Be7 7. Nf3 O-O 8. Bd3
d6 9. Nbd2 Bd7 10. a4 a6 11. O-O c5 12. Nc4 Ne8 13. a5 Rc8 14. Nb6 Rc6 15. Qb3
d5 16. c4 dxc4 17. Bxc4 Nd6 18. Bxd6 Bxd6 19. d5 exd5 20. Bxd5 Rc7 21. Rfd1 Ne5
22. Nxe5 Bxe5 23. Bc4 Qe8 24. Nd5 Rc8 25. f4 Bb8 26. Nb6 Rd8 27. Nd5 Bc6 28. Kf2
Qe4 29. Rd3 Qe8 30. Rad1 Ba4 31. Ne7+ Kh8 32. Rxd8 Bxb3 33. Rxe8 {Black resigns}
1-0

[Event "Team 45 45 League T77"]
[Site "Internet Chess Club"]
[Date "2018.07.31"]
[Round "6"]
[White "OGO"]
[Black "Ostap-Bender"]
[Result "1-0"]
[WhiteElo "1328"]
[BlackElo "1332"]
[Opening "QGA: 3.e4"]
[ECO "D20"]
[Time "14:00:53"]
[TimeControl "2700+45"]

1. d4 d5 2. c4 dxc4 3. e4 e5 4. Ne2 exd4 5. Qxd4 Qxd4 6. Nxd4 c5 7. Nb5 Na6 8.
Bxc4 Bd7 9. Bf4 Bxb5 10. Bxb5+ Kd8 11. Bxa6 bxa6 12. Nc3 Nf6 13. O-O-O+ Ke8 14.
Rhe1 Rd8 15. Nd5 Nxd5 16. exd5+ Kd7 17. Rd3 Bd6 18. Bxd6 Kxd6 19. Rde3 Kxd5 20.
Re7 Kd6 21. Rxa7 Rd7 22. Rxa6+ Kc7 23. Re5 Rhd8 24. Ra7+ Kb6 25. Rxd7 Rxd7 26.
Kc2 Ra7 27. a3 Kc6 28. Kc3 Kd6 29. Rh5 h6 30. Kc4 Rb7 31. b3 Ra7 32. a4 Ra5 33.
Rd5+ Kc6 34. Rd8 Ra7 35. Rc8+ Kd6 36. Rxc5 Re7 37. Rd5+ Kc6 38. Rd2 Re4+ 39. Kc3
Kc5 40. Ra2 Kb6 41. b4 Re6 42. Rc2 Rc6+ 43. Kb3 Rd6 44. a5+ Kb5 45. Rc5+ Ka6 46.
Ka4 Rd4 47. Rc6+ Kb7 48. Kb5 Rd5+ 49. Rc5 Rd2 50. a6+ Ka7 51. Rc7+ Kb8 52. Kb6
Rd6+ 53. Rc6 Rd7 54. b5 f6 55. Re6 Rc7 56. Re8+ {Black resigns} 1-0